Map: Overgrown Facility

Players

Chaudevant - Winner!

  • Race: Protoss Protoss
  • League: Platinum
  • Spawn Location: 3:00

Nemesis - Winner!

  • Race: Terran Terran
  • League: Platinum
  • Spawn Location: 1:00

Ekelpack

  • Race: Zerg Zerg
  • Spawn Location: 7:00

Nyck

  • Race: Terran Terran
  • League: Silver
  • Spawn Location: 9:00

VOD

Have the link to the VOD?

Description

Time

  • Played on: Oct. 29, 2024, 12:57 p.m.
  • Length: 5:21
Show
View Real Time Build Order
Export as new Build Order

Chaudevant Protoss - Winner!

Build Orders:  

Get SALT Encoding   

  12  0:01  Probe  
  13  0:16  Pylon  
  13  0:19  Probe (Chrono Boost)  
  14  0:31  Probe (Chrono Boost)  
  15  0:39  Probe (Chrono Boost)  
  15  0:40  Gateway  
  16  0:45  Probe  
  17  0:58  Probe  
  17  0:59  Gateway  
  18  1:10  Probe (Chrono Boost)  
  19  1:12  Assimilator  
  19  1:22  Pylon, Probe (Chrono Boost)  
  20  1:27  Probe (Chrono Boost)  
  21  1:34  Cybernetics Core  
  21  1:39  Probe  
  22  1:43  Assimilator  
  22  1:51  Probe  
  22  1:52  Pylon  
  23  1:59  Gateway  
  23  2:08  Warp Gate (Chrono Boost)  
  23  2:15  Stalker  
  25  2:22  Pylon  
  25  2:25  Stalker  
  27  2:37  Gateway  
  27  2:44  Pylon  
  27  2:52  Twilight Council  
  27  3:00  Pylon  
  27  3:06  Stalker  
  29  3:40  Charge (Chrono Boost)  
  29  4:00  Pylon  
  27  4:29  Stalker x3  
  27  4:30  Stalker  
  31  4:57  Stalker x3  
  31  4:58  Stalker  
Show
View Real Time Build Order
Export as new Build Order

Nemesis Terran - Winner!

Build Orders:  

Get SALT Encoding   

  12  0:01  SCV  
  13  0:13  SCV  
  14  0:25  SCV  
  15  0:31  Supply Depot  
  15  0:45  Supply Depot  
  15  0:52  SCV  
  15  0:55  Barracks  
  16  1:04  SCV  
  16  1:11  Barracks  
  17  1:16  SCV  
  18  1:29  SCV  
  19  1:40  Barracks  
  19  1:41  SCV  
  19  1:44  Marine  
  21  1:49  Refinery  
  21  1:57  Marine  
  22  2:02  Orbital Command, Marine  
  22  2:05  Refinery  
  23  2:15  Marine  
  23  2:20  Marine  
  25  2:28  Marine  
  26  2:33  Marine  
  27  2:38  Marine  
  27  2:39  Bunker  
  28  2:46  SCV, Marine  
  28  2:51  Marine  
  31  3:27  Supply Depot  
  31  3:48  Marine x3  
  31  3:49  SCV  
  35  4:06  Marine x3  
  33  4:24  Marine x3  
  36  4:42  Marine x3  
  34  5:00  Marine x3  
Show
View Real Time Build Order
Export as new Build Order

Ekelpack Zerg 

Build Orders: Pool First 

Get SALT Encoding   

  12  0:01  Drone  
  13  0:11  Drone  
  14  0:26  Overlord  
  14  0:29  Extractor  
  14  0:30  Drone  
  14  0:45  Spawning Pool, Drone  
  14  0:55  Drone  
  15  1:18  Hatchery  
  15  1:25  Drone  
  15  1:35  Lair  
  15  1:40  Drone  
  15  1:45  Drone  
  17  1:49  Drone  
  17  1:53  Drone  
  19  1:57  Extractor  
  18  2:02  Drone  
  19  2:13  Drone  
  20  2:25  Drone  
  21  2:36  Spire  
  20  2:37  Drone  
  20  2:42  Queen  
  23  2:54  Queen  
  25  3:00  Drone x2  
  25  3:05  Drone  
  28  3:11  Overlord  
  28  3:21  Drone, Extractor  
  28  3:32  Overlord  
  28  3:48  Mutalisk x4  
  33  4:22  Overlord  
  27  4:31  Extractor  
  24  4:35  Mutalisk  
  24  4:37  Zergling x4  
  28  4:39  Overlord  
  28  4:47  Drone x2  
  28  4:48  Drone x2  
  32  4:54  Zergling x4  
Show
View Real Time Build Order
Export as new Build Order

Nyck Terran 

Build Orders:  

Get SALT Encoding   

  12  0:00  SCV  
  13  0:12  SCV  
  14  0:22  Supply Depot  
  14  0:24  SCV  
  15  0:43  SCV  
  15  0:44  Barracks  
  16  0:51  Refinery  
  16  0:52  Refinery  
  16  0:56  SCV  
  17  1:08  SCV  
  18  1:20  SCV  
  19  1:33  Orbital Command, Barracks  
  19  1:40  Reaper  
  20  1:59  SCV  
  21  2:10  Supply Depot  
  21  2:12  Reaper  
  22  2:20  Reaper  
  22  2:22  Barracks  
  23  2:32  SCV  
  24  2:43  Supply Depot  
  24  2:44  SCV  
  25  2:56  SCV  
  26  3:00  Reaper x2  
  26  3:05  Command Center  
  28  3:08  SCV  
  29  3:13  Reaper  
  29  3:16  Factory  
  30  3:20  SCV  
  30  3:26  Supply Depot  
  31  3:32  SCV  
  32  3:44  SCV  
  33  3:52  Marine x3  
  36  3:56  SCV  
  32  4:58  Hellion  
  33  5:01  Factory  
  33  5:08  Refinery  
Tags
 
Add a new tag
Caveats
  • Supply blocks, unpowered buildings, or Contaminate may cause inaccurate times.
  • Supply counts are checked every 10 seconds.